[Event "Gaprindashvili Cup Women I Stage 2020"]
[Site "Online"]
[Date "2020.11.04"]
[Round "2.9"]
[White "Mgeladze, Kesaria"]
[Black "Kalandadze, Mariam"]
[Result "1-0"]
[ECO "B22"]
[WhiteElo "1380"]
[BlackElo "1147"]
[Annotator "NA RC"]
[PlyCount "85"]
[EventDate "2020.11.04"]
[EventType "swiss"]
[SourceTitle "playchess.com"]
[Source "ChessBase"]
[SourceQuality "1"]
[TimeControl "1500+5"]

1. e4 c5 2. c3 d5 3. exd5 Qxd5 4. d4 Nf6 5. Nf3 Bg4 6. dxc5 Qxc5 7. Be3 Qc7 8. Na3 a6 9. Be2 e6 10. Nc2 Nc6 11. h3 Bh5 12. Nfd4 Bxe2 13. Qxe2 Be7 14. O-O O-O 15. Nxc6 Qxc6 16. Rad1 Rfd8 17. Nd4 Qc7 18. g3 Bc5 19. Bf4 Qe7 20. Nb3 Nd5 21. Be5 Bd6 22. Bxd6 Rxd6 23. c4 Nf6 24. Rxd6 Qxd6 25. Rd1 Qe7 26. Qd3 h6 27. Qf3 Rc8 28. Qd3 Rc7 29. Nd4 Qc5 30. Nb3 Qe7 31. Qe2 Rd7 32. Qf3 Rc7 33. Qe2 Qb4 34. Qc2 Rc8 35. Rd2 g6 36. a3 Qe7 37. Nd4 Qc5 38. Nxe6 fxe6 39. Qxg6+ Kf8 40. Qxf6+ Ke8 41. Qxe6+ Qe7 42. Qxc8+ Kf7 43. Rd7 1-0

[Event "Gaprindashvili Cup Women I Stage 2020"]
[Site "Online"]
[Date "2020.11.04"]
[Round "2.10"]
[White "Zarkua, Anastasia"]
[Black "Gvatua, Mariam"]
[Result "1-0"]
[ECO "A13"]
[WhiteElo "1124"]
[BlackElo "1343"]
[Annotator "NA RC"]
[PlyCount "147"]
[EventDate "2020.11.04"]
[EventType "swiss"]
[SourceTitle "playchess.com"]
[Source "ChessBase"]
[SourceQuality "1"]
[TimeControl "1500+5"]

1. Nf3 d5 2. c4 e6 3. g3 Nf6 4. Bg2 Bb4 5. a3 Be7 6. O-O O-O 7. Qc2 d4 8. d3 c5 9. Bf4 Nc6 10. Nbd2 Bd6 11. Bxd6 Qxd6 12. Rad1 e5 13. Ng5 b6 14. Nge4 Nxe4 15. Nxe4 Qc7 16. Qd2 Bb7 17. b4 Ne7 18. Qg5 f5 19. Nd2 Bxg2 20. Kxg2 h6 21. Qh5 f4 22. Nf3 Rf5 23. Qh3 Raf8 24. Kg1 fxg3 25. hxg3 Ng6 26. Nh4 Nxh4 27. Qxh4 Qf7 28. Qh2 Rh5 29. Qg2 Qg6 30. Rb1 Qg4 31. Rb2 Rhf5 32. Qd5+ Kh7 33. Qg2 Kh8 34. Qe4 Qh3 35. Qg2 Qg4 36. Qe4 Qg5 37. Qg2 Qe7 38. Rb3 Qf7 39. bxc5 bxc5 40. Rb7 Qg6 41. Rxa7 Qb6 42. Ra8 Qb2 43. Rxf8+ Rxf8 44. Qe4 Re8 45. a4 Qb6 46. Qd5 Rd8 47. Qxe5 Qc6 48. a5 Re8 49. Qd5 Qxd5 50. cxd5 Kg8 51. Rc1 Rc8 52. a6 Kf7 53. Rb1 Ra8 54. Rb6 Ke7 55. e3 dxe3 56. fxe3 Kd7 57. e4 Kc7 58. Rc6+ Kd7 59. e5 Ra7 60. Rb6 Kc8 61. d6 Rd7 62. e6 Ra7 63. e7 Kd7 64. Rb7+ Rxb7 65. axb7 c4 66. dxc4 g5 67. e8=Q+ Kxe8 68. b8=Q+ Kf7 69. d7 g4 70. d8=Q h5 71. Qbd6 h4 72. Q8d7+ Kg8 73. Qg6+ Kh8 74. Qgh7# 1-0

[Event "Gaprindashvili Cup Women I Stage 2020"]
[Site "Online"]
[Date "2020.11.04"]
[Round "2.11"]
[White "Limar, Ana"]
[Black "Ashotia, Barbare"]
[Result "0-1"]
[ECO "C88"]
[WhiteElo "1312"]
[BlackElo "1076"]
[Annotator "NA RC"]
[PlyCount "86"]
[EventDate "2020.11.04"]
[EventType "swiss"]
[SourceTitle "playchess.com"]
[Source "ChessBase"]
[SourceQuality "1"]
[TimeControl "1500+5"]

1. e4 e5 2. Nf3 Nc6 3. Bb5 a6 4. Ba4 Nf6 5. d3 b5 6. Bb3 Be7 7. O-O O-O 8. Re1 h6 9. d4 exd4 10. Nxd4 Nxd4 11. Qxd4 c5 12. Qd3 c4 13. Qg3 Kh7 14. e5 Nd5 15. Qf3 Bb7 16. Qe4+ g6 17. Bxc4 bxc4 18. Qxc4 Rc8 19. Qb3 Nb4 20. c3 Qc7 21. Bxh6 Kxh6 22. cxb4 Qc2 23. Qh3+ Kg7 24. Qxd7 Qxb2 25. Qxb7 Qxa1 26. Qxe7 Qxa2 27. Qf6+ Kg8 28. e6 Rce8 29. e7 Kh7 30. Qh4+ Kg8 31. exf8=Q+ Rxf8 32. Qf6 Qc4 33. Qb6 Rc8 34. Nd2 Qf4 35. Nf3 Rb8 36. Qxa6 Qxb4 37. Qf6 Rc8 38. h3 Qc3 39. Qe7 Qc7 40. Qf6 Qc3 41. Qf4 Qc7 42. Qh6 Qc3 43. Re7 Qg7 0-1

[Event "Gaprindashvili Cup Women I Stage 2020"]
[Site "Online"]
[Date "2020.11.04"]
[Round "3.1"]
[White "Esadze, Tamari"]
[Black "Tsotsonava, Elene"]
[Result "1-0"]
[ECO "B49"]
[WhiteElo "1889"]
[BlackElo "1805"]
[Annotator "NA"]
[PlyCount "79"]
[EventDate "2020.11.04"]
[EventType "swiss"]
[SourceTitle "playchess.com"]
[Source "ChessBase"]
[SourceQuality "1"]
[TimeControl "1500+5"]

1. e4 c5 2. Nf3 e6 3. d4 cxd4 4. Nxd4 Nc6 5. Nc3 Qc7 6. a3 a6 7. Be2 Nf6 8. Be3 b5 9. Nxc6 dxc6 10. O-O Be7 {[%emt 0:00:04] B49: Sicilian: Taimanov: 5 Nc3 Qc7 6 Be3 a6 7 Be2.} 11. f4 Bb7 12. e5 Nd7 13. Ne4 {[%emt 0:00:32] [#]} c5 $146 ({Predecessor:} 13... O-O 14. Nd6 Rfd8 15. b4 a5 16. Bc5 axb4 17. axb4 Nxc5 18. bxc5 Rxa1 19. Qxa1 Ra8 {½-½ (36) Moll,R (2587)-Soltau,A (2574) ICCF email 2010}) 14. Nd6+ Bxd6 15. exd6 Qb8 16. c4 Be4 17. cxb5 axb5 18. Rc1 Qb7 19. Bxc5 Bxg2 20. Rf2 Bc6 21. Bd4 O-O 22. Bd3 f5 23. Qe2 Rae8 24. Qe3 Nf6 ({Better is} 24... Rf7) 25. h3 Qd7 (25... Rf7 $142 26. Rfc2 Bd7) 26. Be5 Rc8 27. Rfc2 Qb7 28. Kh2 Rf7 $2 (28... Nd5 {is tougher.} 29. Qg3 Rf7) 29. Bxf6 Rxf6 30. Qe5 Rff8 $2 (30... Rg6 31. Bxb5 Be8) 31. Qxe6+ Kh8 32. Qe7 Qb6 33. Rg1 ({Inferior is} 33. Rxc6 Qf2+ {[%mdl 64] Double Attack} 34. Kh1 Qf3+ {[%mdl 64] Double Attack} 35. Kh2 Qf2+ 36. Kh1 Qf3+ {[%mdl 64] Double Attack} 37. Kh2 Qf2+ $11) 33... Qd4 34. Qe5 Qxe5 35. fxe5 Kg8 36. Rgc1 Bd7 37. Rxc8 Rxc8 $18 38. Rxc8+ Bxc8 39. Bxb5 Kf7 40. d7 1-0

[Event "Gaprindashvili Cup Women I Stage 2020"]
[Site "Online"]
[Date "2020.11.04"]
[Round "3.2"]
[White "Bedoshvili, Dea"]
[Black "Khazhomia, Anuki"]
[Result "1-0"]
[ECO "A81"]
[WhiteElo "1667"]
[BlackElo "1880"]
[Annotator "NA RC"]
[PlyCount "105"]
[EventDate "2020.11.04"]
[EventType "swiss"]
[SourceTitle "playchess.com"]
[Source "ChessBase"]
[SourceQuality "1"]
[TimeControl "1500+5"]

1. d4 f5 2. Nf3 Nf6 3. g3 g6 4. Bg2 Bg7 5. O-O d6 6. Nbd2 O-O 7. c3 c6 8. Re1 Qc7 {[%emt 0:00:21] A81: Dutch Defence: 2 g3.} (8... d5 $14) 9. e4 fxe4 10. Nxe4 Nxe4 11. Rxe4 Bf5 12. Rh4 {[%emt 0:00:13] [#]} Nd7 $146 ({Predecessor:} 12... Bf6 13. Bg5 Nd7 14. Qd2 Rae8 15. Re1 d5 16. Bh3 Be4 17. Be6+ Kh8 18. Rf4 Qd6 {1-0 (28) Filippov,V (1929)-Krivtsov,A (1953) Voronezh 2015}) 13. g4 Be4 $1 14. Ng5 {[%emt 0:00:06] Discovered Attack} Bxg2 15. Kxg2 Qa5 (15... Bf6 $14) 16. Qb3+ ({Much less strong is} 16. Nxh7 $6 Qd5+ 17. f3 Rfe8 $14) 16... Qd5+ 17. Qxd5+ cxd5 18. Nxh7 Rfe8 19. Be3 e5 20. Ng5 Nb6 21. dxe5 Nc4 22. Rh3 dxe5 23. b3 Nd6 $2 (23... Nxe3+ $16 {is a better defense.} 24. Rxe3 (24. fxe3 e4 $11) 24... Bf6) 24. Rd1 Nb5 25. Rxd5 Nxc3 26. Rd7 b6 $2 (26... Red8) 27. Rh7 Bh8 28. Rxa7 $2 (28. Rh6 {mates} Re7 29. Rxe7 Kf8 30. Rf7+ Kg8 31. Rxg6+ Bg7 32. Rgxg7+ Kh8 33. Rg6 Nxa2 34. Rh7#) 28... Rxa7 29. Rxa7 Nd5 30. Rb7 Bf6 31. Ne4 Bd8 32. Nd6 $18 Rf8 33. Nc4 Bf6 34. Bxb6 Nf4+ 35. Kf1 Nd3 36. Nd2 Bh4 37. Ne4 Nc1 38. Bc5 Rf4 39. Be3 Rxe4 40. Bxc1 Rxg4 41. Be3 Bf6 42. a4 Rh4 43. a5 Rxh2 44. a6 Rh1+ 45. Kg2 Ra1 46. a7 e4 47. Rb8+ Kg7 48. a8=Q Rxa8 49. Rxa8 Be5 50. b4 Kf6 51. b5 Ke6 52. b6 Kd7 53. Ra7+ 1-0

[Event "Gaprindashvili Cup Women I Stage 2020"]
[Site "Online"]
[Date "2020.11.04"]
[Round "3.4"]
[White "Maghlakelidze, Rusudan"]
[Black "Kirtadze, Anastasia"]
[Result "1-0"]
[ECO "B50"]
[WhiteElo "1613"]
[BlackElo "1810"]
[Annotator "NA RC"]
[PlyCount "109"]
[EventDate "2020.11.04"]
[EventType "swiss"]
[SourceTitle "playchess.com"]
[Source "ChessBase"]
[SourceQuality "1"]
[TimeControl "1500+5"]

1. e4 c5 2. Nf3 d6 3. c4 g6 4. Be2 Bg7 5. O-O Nc6 6. Nc3 {[%emt 0:00:08] B50: Sicilian: 2...d6, Miscellaneous.} e6 7. d3 Nge7 8. Bg5 O-O 9. Qd2 {[%emt 0:00:03] [#]} Re8 $146 ({Predecessor:} 9... a6 10. Bh6 Rb8 11. Bxg7 Kxg7 12. d4 cxd4 13. Nxd4 Nxd4 14. Qxd4+ e5 15. Qd2 Nc6 {0-1 (45) Yilmaz,K (1594)-Ranaldi,L (2176) Fornebu 2016}) 10. Rfe1 Qc7 11. Nb5 Qd7 12. d4 a6 13. dxc5 axb5 14. cxd6 bxc4 15. Red1 {[%emt 0:01:54] [#]} f6 ({Better is} 15... Nd5 $1 $15 16. exd5 exd5) 16. Bh6 (16. Be3 $14) 16... Na5 (16... Bxh6 $11 {keeps the balance.} 17. Qxh6 {[#]} Nd5 $1 18. exd5 exd5) 17. dxe7 Qxe7 18. Bxg7 Qxg7 19. Qb4 Bd7 20. Bxc4 Bc6 21. Nd4 Nxc4 22. Qxc4 Rac8 23. Nxc6 ({Don't go for} 23. Nxe6 $2 Qf7 $19) 23... Rxc6 24. Qb3 h5 25. Rac1 Qc7 26. Rxc6 Qxc6 27. Qd3 Qb6 28. e5 {[%emt 0:01:33] Discovered Attack} f5 $2 {[%emt 0:01:15] [#]} (28... Kf7 29. exf6 Kxf6 30. Qf3+ Ke7 31. Qa3+ Kf6 32. Qc3+ e5 33. Qf3+ Ke7 34. Qa3+ Ke6 35. Qh3+ Kf7 36. Qf3+ Ke7 37. Qa3+ Ke6) 29. Qd7 (29. Qg3 $142 $1 Qc7 30. Qxg6+ {[%mdl 64] Double Attack} Kf8 31. f4) 29... Kf8 30. Qd6+ Qxd6 31. Rxd6 Rc8 (31... b5 $142 32. Rb6 Rd8) 32. g3 Ke7 33. Rb6 Rc7 34. h4 Kd7 35. Kg2 Ke7 36. b4 Kd7 37. a4 Rc4 $18 38. Rxb7+ Kc6 39. Rb5 Rc3 40. Rc5+ Rxc5 41. bxc5 Kxc5 42. Kf3 Kb4 43. Kf4 Kxa4 44. Kg5 Kb5 45. Kxg6 Kc5 46. Kxh5 Kd5 47. f4 Ke4 48. Kg6 Kf3 49. h5 Kxg3 50. Kg5 Kf3 51. h6 Ke4 52. h7 Kd5 53. h8=Q Ke4 54. Qh1+ Ke3 55. Qe1+ 1-0

[Event "Gaprindashvili Cup Women I Stage 2020"]
[Site "Online"]
[Date "2020.11.04"]
[Round "3.6"]
[White "Sichinava, Mariam"]
[Black "Zarkua, Anastasia"]
[Result "1/2-1/2"]
[ECO "D76"]
[WhiteElo "1516"]
[BlackElo "1124"]
[Annotator "NA RC"]
[PlyCount "60"]
[EventDate "2020.11.04"]
[EventType "swiss"]
[SourceTitle "playchess.com"]
[Source "ChessBase"]
[SourceQuality "1"]
[TimeControl "1500+5"]

1. Nf3 d5 2. g3 Nf6 3. Bg2 g6 4. c4 Bg7 5. cxd5 Nxd5 6. O-O O-O 7. d4 Nb6 8. Nc3 Nc6 9. e3 Bf5 10. d5 Ne5 11. Nxe5 Bxe5 12. e4 Bd7 13. Bh6 Bg7 14. Bxg7 Kxg7 15. Qd4+ Kg8 16. a4 a5 17. Rac1 Rc8 18. Rfd1 Bg4 19. Rd2 Qd7 20. Nb5 Rfd8 21. f3 Bh3 22. Bxh3 Qxh3 23. Rxc7 Rxc7 24. Nxc7 Na8 25. Nb5 Rc8 26. Rd1 Rc2 27. Rd2 Rc1+ 28. Rd1 Rc2 29. Rd2 Rc1+ 30. Rd1 Rc2 1/2-1/2

[Event "Gaprindashvili Cup Women I Stage 2020"]
[Site "Online"]
[Date "2020.11.04"]
[Round "3.8"]
[White "Ashotia, Barbare"]
[Black "Abuladze, Natali"]
[Result "0-1"]
[ECO "B22"]
[WhiteElo "1076"]
[BlackElo "1049"]
[Annotator "NA RC"]
[PlyCount "100"]
[EventDate "2020.11.04"]
[EventType "swiss"]
[SourceTitle "playchess.com"]
[Source "ChessBase"]
[SourceQuality "1"]
[TimeControl "1500+5"]

1. e4 c5 2. c3 d5 3. exd5 Qxd5 4. d4 Nf6 5. Nf3 e6 6. Be2 Be7 7. O-O O-O 8. Bf4 Nc6 9. Re1 a6 10. Ne5 cxd4 11. Nxc6 Qxc6 12. cxd4 Rd8 13. Bf3 Qb6 14. Re2 Rxd4 15. Qc1 Qd8 16. Rd2 Rxd2 17. Nxd2 Nd5 18. Bg3 b5 19. Nb3 Bb7 20. Qd2 Rc8 21. Rc1 Rxc1+ 22. Qxc1 Qc8 23. Qxc8+ Bxc8 24. Be5 f6 25. Bd4 Kf7 26. Kf1 Nb4 27. a3 Nd3 28. Ke2 Nf4+ 29. Kd2 e5 30. Bc3 Be6 31. Na5 Bd5 32. Bxd5+ Nxd5 33. Nc6 Bc5 34. f3 Ke6 35. g4 Nxc3 36. Kxc3 Kd5 37. Nb4+ Bxb4+ 38. Kxb4 Kd4 39. Ka5 Ke3 40. Kxa6 Kxf3 41. Kxb5 e4 42. a4 e3 43. a5 e2 44. a6 e1=Q 45. b4 Qe8+ 46. Kb6 Qb8+ 47. Ka5 Qc7+ 48. Ka4 Kxg4 49. b5 Qb6 50. Kb4 f5 0-1

[Event "Gaprindashvili Cup Women I Stage 2020"]
[Site "Online"]
[Date "2020.11.04"]
[Round "3.9"]
[White "Asatiani, Tamar"]
[Black "Didbaridze, Meri"]
[Result "1-0"]
[ECO "C02"]
[WhiteElo "1004"]
[BlackElo "1264"]
[Annotator "NA"]
[PlyCount "91"]
[EventDate "2020.11.04"]
[EventType "swiss"]
[SourceTitle "playchess.com"]
[Source "ChessBase"]
[SourceQuality "1"]
[TimeControl "1500+5"]

1. e4 e6 2. d4 d5 3. e5 c5 4. c3 Nc6 5. Nf3 Qb6 6. a3 Bd7 7. b4 cxd4 8. cxd4 a6 9. Be2 Be7 10. O-O f6 11. Bb2 Nh6 12. Nc3 fxe5 13. Na4 Qc7 14. dxe5 Nf7 15. Rc1 b5 16. Nc5 Bxc5 17. Rxc5 O-O 18. Qc2 Qd8 19. Bd3 h6 20. Re1 Rc8 21. h3 Ng5 22. Nd4 Nxd4 23. Bxd4 Nf7 24. Rxc8 Qxc8 25. Bc5 Re8 26. Bh7+ Kh8 27. Bg6 Kg8 28. Qd3 Rd8 29. Bb6 Rf8 30. Bh7+ Kh8 31. Bc5 Re8 32. Bg6 Kg8 33. Qf3 Ng5 34. Qf4 Rd8 35. Be7 Be8 36. Bxd8 Bxg6 37. Bxg5 hxg5 38. Qxg5 Be4 39. h4 Qf8 40. Rc1 Qb8 41. h5 Kh8 42. h6 Qf8 43. hxg7+ Qxg7 44. Rc8+ Kh7 45. Qh5+ Qh6 46. Rh8+ 1-0

[Event "Gaprindashvili Cup Women I Stage 2020"]
[Site "Online"]
[Date "2020.11.04"]
[Round "3.10"]
[White "Gvatua, Mariam"]
[Black "Tsetskhladze, Mariam"]
[Result "1-0"]
[ECO "A87"]
[WhiteElo "1343"]
[BlackElo "1477"]
[Annotator "NA RC"]
[PlyCount "91"]
[EventDate "2020.11.04"]
[EventType "swiss"]
[SourceTitle "playchess.com"]
[Source "ChessBase"]
[SourceQuality "1"]
[TimeControl "1500+5"]

1. d4 d6 2. c4 f5 3. Nc3 Nf6 4. Nf3 g6 5. g3 Bg7 6. Bg2 O-O 7. d5 a5 8. O-O Na6 9. Nd4 Nc5 10. Bg5 Nfe4 11. Bxe4 fxe4 12. f3 exf3 13. exf3 h6 14. Be3 e5 15. Nde2 Qe7 16. Bxc5 dxc5 17. Ne4 Rd8 18. N2c3 b6 19. Qe2 Bb7 20. Rad1 Rd7 21. Nb5 c6 22. d6 Qd8 23. Nc7 Rc8 24. Ne6 Qe8 25. Nxg7 Kxg7 26. b3 Qe6 27. Qb2 Re8 28. Rfe1 Qf5 29. Kg2 Rf7 30. Rf1 Ref8 31. d7 Rxd7 32. Rxd7+ Qxd7 33. Qxe5+ Kf7 34. Qf6+ Kg8 35. Qxg6+ Qg7 36. Qe6+ Kh8 37. Rf2 Rd8 38. Nd6 Kh7 39. Ne8 Qf8 40. Nf6+ Kg7 41. Nh5+ Kh7 42. Qe4+ Kh8 43. Qg6 Rc8 44. Nf4 Re8 45. Qh5 Bc8 46. Ng6+ 1-0

[Event "Gaprindashvili Cup Women I Stage 2020"]
[Site "Online"]
[Date "2020.11.04"]
[Round "3.11"]
[White "Kalandadze, Mariam"]
[Black "Limar, Ana"]
[Result "0-1"]
[ECO "D37"]
[WhiteElo "1147"]
[BlackElo "1312"]
[Annotator "NA"]
[PlyCount "82"]
[EventDate "2020.11.04"]
[EventType "swiss"]
[SourceTitle "playchess.com"]
[Source "ChessBase"]
[SourceQuality "1"]
[TimeControl "1500+5"]

1. d4 d5 2. c4 e6 3. Nf3 Nf6 4. Nc3 Be7 5. Bf4 O-O 6. e3 c5 7. dxc5 Bxc5 8. a3 Nc6 9. Qd2 Re8 10. Be2 e5 11. Bg5 d4 12. exd4 exd4 13. Nd5 Be7 14. Nxe7+ Qxe7 15. Bxf6 Qxf6 16. O-O Bg4 17. h3 Bh5 18. Rfe1 Rad8 19. Nh2 Bxe2 20. Rxe2 Rxe2 21. Qxe2 d3 22. Qd2 Qe6 23. Rc1 Qe2 24. Rd1 Qxd2 25. Rxd2 Rd4 26. Nf3 Rd8 27. b4 f6 28. Ne1 Ne5 29. c5 Kf7 30. f4 Nc4 31. Rxd3 Rxd3 32. Nxd3 Nxa3 33. Kf2 Ke6 34. Ke3 Kd5 35. Kd2 Kc4 36. g4 Nb1+ 37. Kc2 Nc3 38. g5 Nd5 39. gxf6 gxf6 40. h4 Nxb4+ 41. Nxb4 Kxb4 0-1

[Event "Gaprindashvili Cup Women I Stage 2020"]
[Site "Online"]
[Date "2020.11.04"]
[Round "3.13"]
[White "Dolakidze, Mariam"]
[Black "Lagazauri, Tamar"]
[Result "0-1"]
[ECO "A13"]
[WhiteElo "1416"]
[BlackElo "1657"]
[Annotator "NA RC"]
[PlyCount "76"]
[EventDate "2020.11.04"]
[EventType "swiss"]
[SourceTitle "playchess.com"]
[Source "ChessBase"]
[SourceQuality "1"]
[TimeControl "1500+5"]

1. Nf3 Nf6 2. g3 e6 3. Bg2 d5 4. c4 dxc4 5. Qa4+ Bd7 6. Qxc4 Bc6 7. Qc2 Bd6 8. Nc3 O-O 9. O-O Qe7 10. b3 Rd8 11. Bb2 Ba3 12. Rac1 Na6 13. d3 Rac8 14. Rfd1 h6 15. Bxa3 Qxa3 16. Nb1 Qe7 17. Nbd2 e5 18. Nc4 e4 19. dxe4 Bxe4 20. Qb2 Rxd1+ 21. Rxd1 Rd8 22. Rd4 c5 23. Rd2 b5 24. Nce5 Nb4 25. Qc1 Rd5 26. Rxd5 Nbxd5 27. Qd2 Nb6 28. h3 b4 29. Kh2 Kh7 30. Qe3 Nbd5 31. Ng5+ hxg5 32. Bxe4+ Kg8 33. Bxd5 Nxd5 34. Qe4 Nc3 35. Qf5 g6 36. Qc8+ Kg7 37. Nf3 Qxe2 38. Kg2 Ne4 0-1

[Event "Gaprindashvili Cup Women I Stage 2020"]
[Site "Online"]
[Date "2020.11.04"]
[Round "4.1"]
[White "Lagazauri, Tamar"]
[Black "Esadze, Tamari"]
[Result "0-1"]
[ECO "E16"]
[WhiteElo "1657"]
[BlackElo "1889"]
[Annotator "NA RC"]
[PlyCount "92"]
[EventDate "2020.11.04"]
[EventType "swiss"]
[SourceTitle "playchess.com"]
[Source "ChessBase"]
[SourceQuality "1"]
[TimeControl "1500+5"]

1. d4 Nf6 2. Nf3 e6 3. c4 b6 4. g3 Bb7 5. Bg2 Bb4+ 6. Bd2 Bxd2+ 7. Nbxd2 O-O 8. O-O d6 9. Qc2 Nbd7 10. e4 e5 11. d5 {[%emt 0:01:35] [#] E16: Queen's Indian: 4 g3 Bb7 5 Bg2 Bb4+.} a6 $146 ({Predecessor:} 11... a5 12. Ne1 c6 13. Nd3 cxd5 14. exd5 Qc7 15. Rac1 Rae8 16. Rfe1 Nc5 17. Nxc5 bxc5 18. Re3 Nd7 19. Ra3 f5 {0-1 (58) Voit,D (2336)-Koneru,H (2574) Moscow 2019}) 12. b4 Qe7 13. Nb3 c5 14. bxc5 Nxc5 15. Nxc5 bxc5 16. a4 a5 17. Nd2 Rfb8 18. Nb1 Ba6 19. Na3 Rb4 20. Nb5 Nd7 21. Rfb1 Nb6 22. Rxb4 (22. Bf1 $11 {remains equal.}) 22... cxb4 23. c5 dxc5 24. d6 {[%emt 0:00:01] [#]} Qd7 $1 25. Nc7 {[%emt 0:01:32] [#]} c4 $1 26. Nxa8 Nxa8 27. Qd2 Nb6 28. Rd1 (28. Bf1 $17) 28... c3 29. Qe3 (29. Qc2 $142) 29... c2 30. Rc1 Qxd6 31. Bf3 Nc4 32. Qa7 g6 33. Rxc2 b3 34. Rc1 b2 35. Rb1 Nd2 36. Rxb2 Nxf3+ 37. Kg2 Ne1+ $2 (37... Qd3 38. Rb5 Bxb5 39. axb5 Ne1+ 40. Kg1 Qxe4) 38. Kh1 $2 Bd3 39. Qb8+ Qxb8 40. Rxb8+ Kg7 41. Kg1 $19 Bxe4 42. Rb5 Nf3+ 43. Kf1 Bd3+ 44. Kg2 Bxb5 45. axb5 Nd4 46. b6 a4 0-1

[Event "Gaprindashvili Cup Women I Stage 2020"]
[Site "Online"]
[Date "2020.11.04"]
[Round "4.2"]
[White "Tsotsonava, Elene"]
[Black "Bedoshvili, Dea"]
[Result "1-0"]
[ECO "B12"]
[WhiteElo "1805"]
[BlackElo "1667"]
[Annotator "NA RC"]
[PlyCount "61"]
[EventDate "2020.11.04"]
[EventType "swiss"]
[SourceTitle "playchess.com"]
[Source "ChessBase"]
[SourceQuality "1"]
[TimeControl "1500+5"]

1. e4 c6 2. d4 d5 3. e5 Bf5 4. h4 Qb6 5. g4 Bd7 6. h5 {[%emt 0:00:11] B12: Caro-Kann: Advance Variation.} h6 7. c3 e6 8. f4 c5 9. Nf3 Nc6 10. Na3 {[%emt 0:00:53] 10.Rh2 is the modern continuation.} cxd4 11. cxd4 Bb4+ 12. Kf2 f6 {[%emt 0:01:14] [#]} 13. Kg3 $146 ({Predecessor:} 13. Nc2 fxe5 14. fxe5 O-O-O 15. Bd3 Rf8 16. Be3 Be7 17. Qe2 Bg5 18. b3 Bxe3+ 19. Qxe3 {0-1 (37) Manik,M (2407)-Smolen,J (2437) Slovakia 2015}) 13... Nge7 14. Nc2 Nc8 15. Bd3 Kf8 (15... a5 $16 {was necessary.}) 16. Nh4 Be8 (16... Ke8 $142 17. Ng6 Rg8) 17. Be3 Qd8 18. Qf3 Ba5 19. Raf1 Bc7 20. Kh3 Ke7 $2 (20... N8e7 21. f5 Bxe5 22. dxe5 Nxe5) 21. f5 Rf8 22. fxe6 Kxe6 23. Nf5 $18 Rf7 24. Nxg7+ Rxg7 25. Qf5+ Kf7 26. exf6 Nd6 27. Qxd5+ Kf8 28. fxg7+ Kxg7 29. Bxh6+ Kxh6 30. Qe6+ Kg5 31. Qe3# 1-0

[Event "Gaprindashvili Cup Women I Stage 2020"]
[Site "Online"]
[Date "2020.11.04"]
[Round "4.3"]
[White "Khazhomia, Anuki"]
[Black "Mgeladze, Kesaria"]
[Result "1-0"]
[ECO "E97"]
[WhiteElo "1880"]
[BlackElo "1380"]
[Annotator "NA RC"]
[PlyCount "143"]
[EventDate "2020.11.04"]
[EventType "swiss"]
[SourceTitle "playchess.com"]
[Source "ChessBase"]
[SourceQuality "1"]
[TimeControl "1500+5"]

1. d4 Nf6 2. c4 g6 3. Nc3 Bg7 4. e4 d6 5. Nf3 O-O 6. Be2 e5 7. dxe5 dxe5 8. O-O Nc6 9. Bg5 Be6 10. Qxd8 {[%emt 0:01:08] E97: King's Indian: Classical Main Line (6...e5 7 0-0 Nc6): 8 Be3 and 8 d5 Ne7, not 9 Ne1.} Raxd8 11. Nd5 Bxd5 12. cxd5 Nb8 13. Nxe5 Rde8 14. Bxf6 $1 Bxf6 15. Ng4 {[%emt 0:00:04] [#]} Bd4 $146 ({Predecessor:} 15... Bxb2 16. Rab1 Bd4 17. Rb4 c5 18. Rxd4 cxd4 19. Nf6+ Kg7 20. Nxe8+ Rxe8 21. f3 f5 {½-½ (71) Mayrhuber,N (2117)-Kubicka,A (2221) Balatonszarszo 2017}) 16. Bd3 h5 17. Ne3 Nd7 18. Bb5 Re7 {[%emt 0:00:55] [#]} (18... Bxe3 $14 19. fxe3 (19. Bxd7 Re7 $16) 19... Re7) 19. Bxd7 $2 (19. d6 $1 $18 cxd6 20. Nd5) 19... Rxd7 20. Nc2 (20. Rad1 $14 Bg7 21. Rfe1) 20... Bb6 21. Rad1 Re8 22. Rfe1 Rde7 23. d6 cxd6 24. Rxd6 Rxe4 25. Kf1 Rxe1+ 26. Nxe1 Ba5 27. Nd3 Re7 28. f3 Kf8 ({Black should play} 28... Bc7 $17 29. Rd5 Bxh2) 29. Kf2 (29. Rd5 $11 {remains equal.} Bb6 30. a4) 29... Rc7 ({Black should try} 29... Bb6+ $17 30. Kf1 Bc7) 30. b4 (30. Rd8+ $11 {and White is okay.} Kg7 31. Re8) 30... Bb6+ 31. Kf1 Ke7 32. Rd5 Ke6 33. Nf4+ Ke7 34. Rd2 Be3 $2 (34... Rc1+ $15 35. Ke2 Bg1) 35. Nd5+ {[%emt 0:00:03] Double Attack} Kf8 36. Nxe3 Rc1+ 37. Ke2 Rb1 38. a3 Rb3 39. Rd3 Rb2+ 40. Kd1 Ke7 41. Kc1 Re2 42. Nd5+ Kf8 43. Nf4 Rf2 44. Rd2 Rf1+ 45. Kc2 Ra1 46. Kb2 Rh1 47. h3 Rg1 48. Kc3 Ke7 49. Nd5+ Kf8 50. Kc4 Ra1 51. Kb3 Rb1+ 52. Ka2 Rg1 53. Rc2 Kg7 54. a4 Kf8 55. Kb3 Rd1 56. Ne3 Rd3+ 57. Rc3 Rd2 58. Kc4 Kg7 59. Rd3 Ra2 60. a5 Re2 61. b5 f5 62. f4 Rf2 63. g3 Ra2 64. Kb4 Rb2+ 65. Rb3 Re2 66. b6 axb6 67. axb6 Kh6 68. Nc4 Re4 69. Kc5 h4 70. Nd6 $18 Re7 71. Ra3 g5 72. Nxf5+ 1-0

[Event "Gaprindashvili Cup Women I Stage 2020"]
[Site "Online"]
[Date "2020.11.04"]
[Round "4.4"]
[White "Abuladze, Natali"]
[Black "Maghlakelidze, Rusudan"]
[Result "1-0"]
[ECO "E70"]
[WhiteElo "1049"]
[BlackElo "1613"]
[Annotator "NA RC"]
[PlyCount "83"]
[EventDate "2020.11.04"]
[EventType "swiss"]
[SourceTitle "playchess.com"]
[Source "ChessBase"]
[SourceQuality "1"]
[TimeControl "1500+5"]

1. d4 Nf6 2. c4 g6 3. Nc3 Bg7 4. e4 O-O 5. e5 Ne8 6. f4 d6 7. Nf3 dxe5 8. Nxe5 Nd7 9. Be3 Nd6 10. Bd3 Nxe5 11. dxe5 Nf5 12. Qd2 c6 13. O-O-O Qa5 14. Bf2 Rd8 15. Qe1 Be6 16. Kb1 Nh6 17. Ne4 Qxe1 18. Rhxe1 b6 19. h3 Nf5 20. g4 Nd4 21. Nc3 Rac8 22. Bxd4 Rxd4 23. Ne2 Rdd8 24. b3 f6 25. exf6 Bxf6 26. f5 gxf5 27. g5 Bg7 28. Nf4 Bd7 29. Rxe7 Kf8 30. Re3 Re8 31. Rde1 Rxe3 32. Rxe3 Re8 33. Rxe8+ Kxe8 34. Kc2 Be5 35. Ng2 Kf7 36. Nh4 f4 37. Bxh7 Bxh3 38. Bg6+ Kg7 39. Kd3 Bg4 40. Ke4 Bc7 41. Be8 c5 42. Bc6 1-0

[Event "Gaprindashvili Cup Women I Stage 2020"]
[Site "Online"]
[Date "2020.11.04"]
[Round "4.5"]
[White "Antia, Sopia"]
[Black "Asatiani, Tamar"]
[Result "1/2-1/2"]
[ECO "A16"]
[WhiteElo "1594"]
[BlackElo "1004"]
[Annotator "NA RC"]
[PlyCount "70"]
[EventDate "2020.11.04"]
[EventType "swiss"]
[SourceTitle "playchess.com"]
[Source "ChessBase"]
[SourceQuality "1"]
[TimeControl "1500+5"]

1. c4 e6 2. g3 Nf6 3. Bg2 d5 4. cxd5 Nxd5 5. Nc3 Nxc3 6. bxc3 Nc6 7. d4 Be7 8. e4 O-O 9. f4 Re8 10. Nf3 Rb8 11. O-O b6 12. Bb2 b5 13. Qc1 Ba6 14. Rd1 Qc8 15. d5 Bc5+ 16. Kh1 Na5 17. Ne5 exd5 18. exd5 Nc4 19. Nxc4 bxc4 20. Ba3 Be3 21. Qc2 Bb5 22. Bc1 Qd7 23. a4 Bxc1 24. Rdxc1 Ba6 25. Rd1 Rb6 26. a5 Rd6 27. Rab1 Bb5 28. Be4 g6 29. Qg2 c6 30. Bf3 Ba4 31. Rd2 Rd8 32. Ra1 Bb5 33. Rad1 Ba4 34. Ra1 Bb5 35. Rad1 Ba4 1/2-1/2